 Dungeon Crawl Stone Soup version 0.28-b1-70-g80dc712255 (webtiles) character file.

Game seed: 12148991391125191162

166 adizb the Chopper (level 5, -1/58 HPs)
             Began as a Palentonga Fighter on Feb 3, 2022.
             Slain by a gnoll (8 damage)
             ... on level 3 of the Dungeon.
             The game lasted 00:07:31 (1372 turns).

adizb the Chopper (Palentonga Fighter)              Turns: 1372, Time: 00:07:32

Health: -1/58      AC:  6    Str: 19    XL:     5   Next: 22%
Magic:  5/5        EV:  7    Int:  7    God:
Gold:   63         SH:  5    Dex: 17    Spells: 4/4 levels left

rFire   . . .      SeeInvis +   g - +7 mace of the Common Good {elec, Int-2 Dex+4}
rCold   . . .      Faith    .   c - +0 buckler
rNeg    . . .      Spirit   .   b - +0 scale mail
rPois   .          Reflect  .   (no helmet)
rElec   .          Harm     .   (no cloak)
rCorr   .          Rampage  .   (no gloves)
Will    .....      Rage     1%  (no barding)
Stlth   ..........              (no amulet)
HPRegen 0.19/turn               (no ring)
MPRegen 0.09/turn               (no ring)

@: berserking, very quick
A: large, rugged brown scales 3, see invisible, deformed body, roll 1, armoured
tail, thin skeletal structure 1, berserk 1, frail 1
a: Rolling Charge


You were on level 3 of the Dungeon.
You visited 1 branch of the dungeon, and saw 3 of its levels.

You collected 63 gold pieces.

Inventory:

Hand Weapons
 a - a +0 war axe
 g - the +7 mace of the Common Good (weapon) {elec, Int-2 Dex+4}
   (You found it on level 2 of the Dungeon)

   It occasionally discharges a powerful burst of electricity upon striking a
   foe.
   Int:       It affects your intelligence (-2).
   Dex:       It affects your dexterity (+4).
Armour
 b - a +0 scale mail (worn)
 c - a +0 buckler (worn)
Jewellery
 h - an amulet of the acrobat
Wands
 k - a wand of flame (13)
Scrolls
 e - a scroll of immolation
 m - a scroll of acquirement {unknown}
 n - a scroll of noise {unknown}
 o - a scroll of fog {unknown}
Potions
 d - a potion of might
 f - a potion of berserk rage {unknown}
 i - a potion of flight {unknown}
 j - a potion of heal wounds {unknown}


   Skills:
 - Level 3.0 Fighting
 - Level 4.5(5.0) Axes
 * Level 2.7(4.0) Maces & Flails
 - Level 2.4 Armour
 - Level 2.4 Shields


You had 4 spell levels left.
You didn't know any spells.
Your spell library was empty.

Dungeon Overview and Level Annotations

Branches:
Dungeon (3/15)

Altars:
Uskayaw

Shops:
D:1 (


Innate Abilities, Weirdness & Mutations

You are completely covered in rugged brown scales. (AC +3, +7% HP)
You have supernaturally acute eyesight. (SInv)
Armour fits poorly on your strangely shaped body.
You can roll at nearby foes to attack.
You have a long armoured tail.
You have a somewhat thin skeletal structure. (Dex +2, Stealth+)
You tend to lose your temper in combat.
You are frail. (-10% HP)


Message History

The gnoll is heavily wounded.
You block the gnoll's attack. You block the orc's attack.
You block the gnoll's attack.
Okay, then.
A red film seems to cover your vision as you go berserk!
You feel yourself moving faster!
You feel mighty!
You thump the gnoll! Lightning courses through the gnoll!
You kill the gnoll!
The gnoll hits you with a +0 whip. The orc hits you with a +0 hand axe.
The gnoll barely misses you. The gnoll hits you with a +0 whip.
The orc hits you but does no damage.
You sock the gnoll!
The gnoll is almost dead.
The gnoll barely misses you.
You completely miss the orc. The gnoll hits you with a +0 whip.
The orc barely misses you.
You completely miss the gnoll.
Your tail-slap misses the gnoll.
The gnoll is severely wounded.
The gnoll hits you with a +0 flail.
An orc comes into view. It is wielding a +0 dagger.
The gnoll hits you with a +0 whip. The orc hits you but does no damage.
You completely miss the gnoll.
The gnoll is severely wounded.
The gnoll hits you with a +0 flail! The gnoll barely misses you.
The orc hits you with a +0 hand axe.
* * * LOW HITPOINT WARNING * * *
An orc comes into view. It is wielding a +0 hand axe.
You thump the gnoll!
You kill the gnoll!
The gnoll hits you with a +0 flail!
* * * LOW HITPOINT WARNING * * *
You hit the orc.
You kill the orc!
You block the gnoll's attack.
You sock the orc!
You kill the orc!
You sock the dart slug!
You kill the dart slug!
The gnoll hits you with a +0 flail!
You die...

# #.#........ #
#......... ########
........o. #.....#
#......o #.....#
#....... #.....#
#......# #.....#
##....go#########.....##
....>.)@).............'.
......###.....###.....##
..... #.....# #.....#
###. #.....# #.....# ..
#.........# ####### ##
#.........# #.........#
#.........# #.........#


You could see a gnoll and 3 orcs.

Vanquished Creatures
  Robin (D:2)
  5 adders
  3 gnolls (D:3)
  2 worms (D:2)
  3 dart slugs
  3 orcs (D:3)
  3 endoplasms
  2 giant cockroaches
  10 goblins
  10 hobgoblins
  8 kobolds
  4 quokkas
  8 ball pythons
  3 bats
  A frilled lizard (D:1)
  7 rats
73 creatures vanquished.

Notes
Turn   | Place    | Note
-------+----------+-------------------------------------------
     0 | D:1      | adizb the Palentonga Fighter began the quest for the Orb.
     0 | D:1      | Reached XP level 1. HP: 19/19 MP: 1/1
   114 | D:1      | Reached XP level 2. HP: 23/25 MP: 2/2
   165 | D:1      | Found Zoiwk's Weapon Shop.
   190 | D:1      | Found a faded altar of an unknown god.
   272 | D:1      | Reached skill level 3 in Axes
   755 | D:2      | Reached XP level 3. HP: 30/31 MP: 3/3
   838 | D:2      | Reached skill level 4 in Axes
   967 | D:2      | Noticed Robin
   972 | D:2      | Reached XP level 4. HP: 18/33 MP: 4/4
   972 | D:2      | Killed Robin
  1057 | D:2      | Gained mutation: You are frail. (-10% HP) [potion of
                  | mutation]
  1057 | D:2      | Gained mutation: You tend to lose your temper in combat.
                  | [potion of mutation]
  1057 | D:2      | Gained mutation: Your body sometimes deteriorates upon
                  | taking damage. [potion of mutation]
  1057 | D:2      | Gained mutation: You are resistant to electric shocks.
                  | (rElec) [potion of mutation]
  1058 | D:2      | Lost mutation: Your body sometimes deteriorates upon taking
                  | damage. [potion of mutation]
  1058 | D:2      | Lost mutation: You tend to lose your temper in combat.
                  | [potion of mutation]
  1058 | D:2      | Lost mutation: You are resistant to electric shocks.
                  | (rElec) [potion of mutation]
  1058 | D:2      | Gained mutation: You tend to lose your temper in combat.
                  | [potion of mutation]
  1058 | D:2      | Gained mutation: You have a somewhat thin skeletal
                  | structure. (Dex +2, Stealth+) [potion of mutation]
  1059 | D:2      | Found a hide-covered altar of Uskayaw.
  1074 | D:2      | Identified the +7 mace of the Common Good {elec, Int-2
                  | Dex+4}
  1247 | D:3      | Reached skill level 1 in Maces & Flails
  1357 | D:3      | Reached XP level 5. HP: 39/39 MP: 5/5
  1372 | D:3      | Slain by a gnoll

Illustrated notes

Levels and vault maps discovered:
D:1:      dpeg_arrival_short_road, layout_basic, nicolae_ecumenical_lake_church,
          serial_shops, nicolae_shop_bloodbath_and_beyond, minivault_26
D:2:      wad_crossroads, layout_rooms, basic_altar, uniq_robin
D:3:      layout_basic, hellmonk_ghost_happy_afterlife

Skill      XL: |  1  2  3  4 |
---------------+-------------+-----
Axes           | 3 4 |  4.5
Maces & Flails | 2 |  2.7
Fighting       | |  3.0
Armour         | |  2.4
Shields        | |  2.4

Action                   |  1- 3 |  4- 6 || total
-------------------------+-------+-------++-------
Melee: War axe           |    76 |     9 ||    85
       Tailslap          |     9 |     5 ||    14
       Mace              |       |    49 ||    49
 Abil: Rolling Charge    |    16 |    18 ||    34
  Use: Scroll            |       |     3 ||     3
       Potion            |       |     2 ||     2
Armor: Scale mail        |    35 |    22 ||    57
Dodge: Dodged            |    22 |    13 ||    35
Block: Buckler           |    15 |    10 ||    25
